AoeStats
← DontDoDrugsKids

Arena

508719718Analyzed
4v4 RM · 8d ago on Sep 23, 2026· 61m 18s· 8 players
Game mode
Random Map
Map size
Large (8 player)
Population
200
Speed
Normal
Resources
Standard
Victory
Conquest
Starting age
Dark Age
Ending age
Imperial Age
RankedLock teamsTeams togetherTeam positionsShared explorationLock speedFull tech treeHidden civsTurbo modeCheats
Victory
Defeat
🇺🇸 Bohemians · United States
961
+11
🇩🇪 Maya · Germany
946
+12
🇮🇳 Tatars · India
932
+13
🇨🇳 Varangians · China
883
+15
🇫🇷 Persians · France
871
-13
🇩🇪 Persians · Germany
866
-13
🇬🇧 Bengalis · United Kingdom
856
-13
🇩🇪 Britons · Germany
835
-12
E_A_bad_monkey
9:58 Feudal Age
10:24 Double-Bit Axe
14:55 Wheelbarrow
18:11 Castle Age
15:59 Horse Collar
16:15 Stone Mining
16:18 Gold Mining
18:52 Bow Saw
30:43 Heavy Plow
31:04 Hand Cart
30:36 Town Watch
30:37 Loom
33:26 Imperial Age
34:21 Gold Shaft Mining
34:23 Stone Shaft Mining
33:44 Cavalier
34:24 Husbandry
34:35 Bloodlines
34:32 Scale Mail Armor
34:38 Scale Barding Armor
34:50 Elite War Elephant
35:51 Conscription
37:44 Savar
39:46 Forging
39:51 Chain Mail Armor
39:57 Chain Barding Armor
42:52 Crop Rotation
43:24 Two-Man Saw
44:01 Iron Casting
43:56 Plate Mail Armor
44:02 Plate Barding Armor
45:14 Pikeman
45:55 Squires
45:40 Gambesons
45:41 Arson
45:42 Halberdier
47:45 Blast Furnace
54:53 Caravan
DontDoDrugsKids
10:40 Feudal Age
13:59 Double-Bit Axe
18:53 Castle Age
17:51 Padded Archer Armor
17:42 Fletching
18:41 Horse Collar
22:35 Leather Archer Armor
25:10 Bow Saw
27:38 Bodkin Arrow
29:48 Crossbowman
37:08 Imperial Age
34:47 Gold Mining
34:48 Stone Mining
35:36 Wheelbarrow
35:59 Squires
35:19 Pikeman
36:11 Scale Barding Armor
36:07 Scale Mail Armor
36:17 Forging
37:19 Elite Longbowman
39:12 Ring Archer Armor
38:42 Bracer
42:11 Chemistry
41:31 Ballistics
41:37 Yeomen
42:09 Halberdier
43:39 Chain Barding Armor
43:34 Chain Mail Armor
44:27 Chain Mail Armor
44:48 Iron Casting
Sneaky Brit
4:16 Loom
10:29 Feudal Age
11:04 Horse Collar
11:16 Double-Bit Axe
16:36 Stone Mining
19:51 Castle Age
24:36 Heavy Plow
24:48 Bow Saw
34:10 Imperial Age
32:18 Wheelbarrow
32:50 Caravan
33:30 Bloodlines
33:22 Husbandry
33:33 Scale Barding Armor
33:38 Forging
33:50 Town Watch
34:20 Elite Battle Elephant
36:16 Paiks
40:15 Fletching
40:25 Padded Archer Armor
40:18 Elite Skirmisher
MVXD
10:13 Feudal Age
14:21 Castle Age
12:39 Double-Bit Axe
13:02 Horse Collar
15:49 Bow Saw
21:28 Wheelbarrow
20:42 Town Watch
20:44 Loom
23:03 Gold Mining
24:35 Gold Shaft Mining
25:33 Stone Mining
27:16 Stone Shaft Mining
31:24 Imperial Age
29:12 Hand Cart
28:58 Town Patrol
29:48 Caravan
30:18 Coinage
29:55 Scale Barding Armor
30:01 Forging
29:53 Scale Mail Armor
30:54 Pikeman
31:34 Squires
31:19 Arson
32:14 Iron Casting
33:10 Two-Man Saw
32:12 Heavy Plow
31:43 Halberdier
33:15 Chain Barding Armor
33:32 Chain Mail Armor
33:41 Husbandry
33:51 Bloodlines
33:02 Cavalier
35:54 Banking
35:35 Guilds
36:03 Plate Barding Armor
35:58 Plate Mail Armor
36:29 Blast Furnace
35:06 Savar
40:28 Herbal Medicine
41:18 Light Cavalry
42:44 Hussar
42:45 Heavy Camel Rider
43:27 Padded Archer Armor
43:17 Fletching
44:29 Chemistry
43:49 Ballistics
43:19 Guard Tower
43:35 Siphons
43:20 Heated Shot
43:26 Murder Holes
43:41 Clinker Construction
43:41 Careening
43:42 Masonry
47:09 Crop Rotation
Sgt. Shaftoe
12:14 Feudal Age
15:50 Castle Age
14:19 Double-Bit Axe
14:25 Horse Collar
17:18 Bow Saw
26:48 Wheelbarrow
25:59 Loom
25:59 Town Watch
29:50 Imperial Age
28:06 Wheelbarrow
27:16 Loom
27:19 Town Watch
28:43 Chemistry
28:37 Fletching
28:58 Forging
28:48 Scale Mail Armor
28:51 Pikeman
29:32 Squires
29:49 Masonry
30:21 Wagenburg Tactics
31:05 Elite Skirmisher
32:08 Conscription
32:05 Bodkin Arrow
33:23 Houfnice
34:58 Ballistics
35:15 Hussite Reforms
34:53 Halberdier
36:08 Sanctity
36:32 Hand Cart
36:21 Padded Archer Armor
36:27 Arson
37:12 Fervor
37:20 Block Printing
38:30 Chain Mail Armor
43:17 Plate Mail Armor
43:22 Iron Casting
42:47 Bracer
43:04 Leather Archer Armor
50:58 Capped Ram
54:37 Blast Furnace
54:08 Ring Archer Armor
53:40 Town Patrol
54:18 Siege Engineers
54:43 Architecture
54:24 Fortified Wall
61:51 Caravan
Hoodie Melo
0:32 Loom
10:28 Feudal Age
15:06 Castle Age
13:32 Double-Bit Axe
14:26 Horse Collar
16:41 Wheelbarrow
16:36 Bow Saw
22:00 Hand Cart
21:30 Town Watch
22:04 Heavy Plow
23:44 Fletching
24:39 Bodkin Arrow
24:45 Padded Archer Armor
26:32 Leather Archer Armor
27:53 Ballistics
30:20 Imperial Age
28:34 Stone Mining
28:37 Gold Mining
28:49 Treadmill Crane
29:19 Masonry
30:27 Elite Plumed Archer
31:29 Conscription
31:14 Bracer
32:18 Chemistry
32:01 Crop Rotation
35:19 Ring Archer Armor
38:38 Pikeman
39:41 Halberdier
41:12 Squires
41:15 Scale Mail Armor
41:25 Forging
43:41 Chain Mail Armor
44:01 Iron Casting
45:55 Two-Man Saw
45:36 Eagle Warrior
46:03 Arson
46:36 Elite Eagle Warrior
47:32 Caravan
50:13 Holcans
49:52 Hul'che Javelineers
52:21 Thumb Ring
51:36 Elite Skirmisher
55:44 Plate Mail Armor
56:14 Blast Furnace
小闪酱
0:47 Loom
11:28 Feudal Age
12:02 Horse Collar
12:08 Double-Bit Axe
20:53 Castle Age
19:30 Gold Mining
19:31 Stone Mining
21:40 Heavy Plow
25:44 Gambesons
26:27 Squires
27:53 Stone Shaft Mining
30:26 Bloodlines
30:16 Husbandry
34:14 Imperial Age
34:39 Elite Jarl
36:48 Conscription
37:05 Ballistics
37:03 Forging
37:01 Scale Barding Armor
38:31 Iron Casting
40:58 Blast Furnace
40:18 Chain Barding Armor
44:38 Plate Barding Armor
51:45 Caravan
53:09 Chemistry
52:57 Siege Engineers
56:41 Elite Varangian Guard
56:48 Gothikon
58:38 Arson
58:57 Scale Mail Armor
61:20 Wheelbarrow
61:41 Chain Mail Armor
玛尔斯
2:48 Loom
10:43 Feudal Age
11:38 Double-Bit Axe
18:30 Castle Age
16:49 Stone Mining
17:26 Horse Collar
25:12 Gold Mining
27:10 Wheelbarrow
27:00 Forging
27:33 Fletching
29:00 Bloodlines
28:50 Husbandry
30:42 Bow Saw
33:16 Imperial Age
31:08 Bodkin Arrow
31:43 Heavy Plow
33:43 Hand Cart
33:36 Elite Keshik
34:55 Iron Casting
34:26 Scale Barding Armor
36:48 Crop Rotation
38:12 Blast Furnace
38:11 Bracer
40:10 Chemistry
40:20 Padded Archer Armor
41:06 Heavy Cavalry Archer
47:22 Conscription
48:37 Gold Shaft Mining
49:36 Chain Barding Armor
51:11 Caravan
53:28 Plate Barding Armor
54:11 Ballistics
58:50 Light Cavalry
Connection lost

Rejoining the realm…

Still unreachable

The connection could not be restored.

Session expired

The server has moved on; the page needs a fresh start.